 Dungeon Crawl Stone Soup version 0.19.1 (webtiles) character file.

2359 KarmaPolice the Slinger (level 9, 0/62 HPs)
             Began as a Halfling Hunter on Dec 2, 2016.
             Was a Believer of Okawaru.
             Slain by Prince Ribbit (14 damage)
             ... on level 7 of the Dungeon.
             The game lasted 00:23:13 (8882 turns).

KarmaPolice the Slinger (Halfling Hunter)           Turns: 8882, Time: 00:23:13

Health: 0/62       AC:  9    Str: 13    XL:     9   Next: 72%
Magic:  12/12      EV: 17    Int:  9    God:    Okawaru [**....]
Gold:   411        SH:  0    Dex: 18    Spells: 0 memorised, 8 levels left

rFire  . . .     SeeInvis .     J - +1 trident (venom)
rCold  + . .     Gourm    .     M - +2 leather armour {rPois}
rNeg   + . .     Faith    .     (shield currently unavailable)
rPois  +         Spirit   .     i - +1 helmet
rElec  .         Reflect  .     j - +0 cloak
rCorr  .         Harm     .     H - +0 pair of gloves (curse)
MR     .....                    (no boots)
Stlth  +.........               (no amulet)
                                v - ring of protection from cold
                                C - ring of positive energy

@: confused, lethally poisoned (0 -> -5)
A: mutation resistance 1
a: Heroism, Renounce Religion


You were on level 7 of the Dungeon.
You worshipped Okawaru.
Okawaru was pleased with you.
You were not hungry.

You visited 2 branches of the dungeon, and saw 8 of its levels.

You collected 411 gold pieces.

Inventory:

Hand Weapons
 a - a +1 hunting sling
 t - a +2 dagger of freezing
 J - a +1 trident of venom (weapon)
Missiles
 d - 74 sling bullets
 u - 50 stones (quivered)
 I - 4 curare-tipped needles
Armour
 i - a +1 helmet (worn)
 j - a +0 cloak (worn)
 H - a cursed +0 pair of gloves (worn)
 M - a +2 leather armour of poison resistance (worn)
Jewellery
 v - a ring of protection from cold (right hand)
 C - a ring of positive energy (left hand)
Wands
 n - a wand of paralysis (13/24)
 G - a wand of iceblast (7/15)
Scrolls
 h - 3 scrolls of fog
 l - 8 scrolls of remove curse
 m - 2 scrolls of identify
 p - 2 scrolls of enchant weapon {unknown}
 r - 2 scrolls of blinking
 w - 5 scrolls of teleportation {unknown}
 x - 5 scrolls of enchant armour {unknown}
 y - 2 scrolls of noise {unknown}
 K - 2 scrolls of magic mapping {unknown}
 L - a scroll of immolation {unknown}
Potions
 e - 2 potions of lignification {unknown}
 k - 2 potions of mutation {unknown}
 o - 2 potions of berserk rage {unknown}
 s - a potion of resistance {unknown}
 z - a potion of curing {unknown}
 A - 2 potions of ambrosia
 B - 4 potions of brilliance {unknown}
 D - a potion of beneficial mutation {unknown}
 E - a potion of might {unknown}
 F - a potion of degeneration {unknown}
 N - a potion of cancellation {unknown}
 O - a potion of flight {unknown}
Comestibles
 b - 2 meat rations
 c - a royal jelly
 f - 7 bread rations
 g - 8 beef jerkies
 q - 3 chunks of flesh


   Skills:
 + Level 5.6 Fighting
 - Level 6.8 Short Blades
 + Level 9.9 Slings
 + Level 1.5 Armour
 - Level 5.0 Dodging
 - Level 1.1 Stealth
 - Level 3.7 Invocations
 + Level 4.0 Evocations


You had 8 spell levels left.
You didn't know any spells.

Dungeon Overview and Level Annotations

Branches:
Dungeon (7/15)             Temple (1/1) D:4

Altars:
Ashenzari
Cheibriados
Dithmenos
Elyvilon
Fedhas
Gozag
Hepliaklqana
Kikubaaqudgha
Nemelex Xobeh
Okawaru
Qazlal
Ru
Sif Muna
Trog
Uskayaw
Vehumet
Xom
Yredelemnul
Zin
The Shining One

Annotations:
D:7 Prince Ribbit


Innate Abilities, Weirdness & Mutations

You are small and have problems with some larger weapons.
You are somewhat resistant to further mutation.


Message History

Press: ? - help, Dir - move target cursor, f/p - hornet
Aim: a hornet (severely wounded, poisoned)
You hit the hornet but do no damage.
The hornet looks as sick as possible!
The hornet is severely wounded.
You feel sick. The hornet stings you.
* * * LOW HITPOINT WARNING * * *
You feel yourself slow down. The hornet stings you!
* * * LOW HITPOINT WARNING * * *
You shrug off the repeated paralysis!
You are confused.
You feel invigorated.
You feel sick.
You kill the hornet!
Okawaru is honoured by your kill.
Your base Armour skill increases to level 1!
Your Evocations skill increases to level 4!
Prince Ribbit completely misses you. Prince Ribbit barely misses you.
You bump into the rock wall.
You feel yourself speed up.
You feel like a meek peon again.
You feel sick. Prince Ribbit closely misses you. Prince Ribbit hits you!
You die...

##.....#
#.....##
...###.#
........ ####
#.# ......'# #
#.# ###.y....#
#.#
####..ยง..$..#
#.###
##....##.....#
#...#
##..#.........#
###.#
#..##F######..#
#.###.###@# .#
#"##..###.# #
#....###..#
##..####.##
##...##...#
#...###.###
#.#)#..<#
###.#.#.###
##.[.....#


You could see Prince Ribbit.

Vanquished Creatures
  A hornet (D:7)
  The ghost of Melicamp the Ruffian, an amateur NaTm (D:4)
  Duvessa (D:7)
  An ice beast (D:6)
  2 ogres
  A phantom (D:3)
  A centaur (D:7)
  A big kobold (D:7)
  3 bullfrogs
  A water moccasin zombie (D:5)
  Dowan (D:7)
  A howler monkey (D:5)
  A crimson imp (D:5)
  A bullfrog zombie (D:6)
  4 hounds
  A jelly (D:6)
  A gnoll shaman (D:5)
  2 orc priests
  4 orc wizards
  Jessica (D:2)
  3 iguanas
  5 worker ants
  A worker ant zombie (D:6)
  Robin (D:2)
  10 gnolls
  15 adders
  A shadow imp (D:5)
  An ooze (D:4)
  An adder zombie (D:7)
  3 worms
  A dart slug (D:3)
  4 leopard geckos
  21 orcs
  2 ball pythons
  6 giant cockroaches
  20 goblins
  8 hobgoblins
  10 jackals
  5 quokkas
  11 bats
  6 frilled lizards
  8 kobolds
  A leopard gecko zombie (D:6)
  A quokka skeleton (D:4)
  11 rats
186 creatures vanquished.

Notes
Turn   | Place    | Note
-------+----------+-------------------------------------------
     0 | D:1      | KarmaPolice the Halfling Hunter began the quest for the Orb.
     0 | D:1      | Reached XP level 1. HP: 14/14 MP: 1/1
   117 | D:1      | Reached XP level 2. HP: 19/19 MP: 2/2
   137 | D:1      | Reached skill level 1 in Short Blades
   162 | D:1      | Reached skill level 6 in Slings
   520 | D:1      | Reached XP level 3. HP: 21/24 MP: 3/3
  1177 | D:2      | Reached XP level 4. HP: 23/29 MP: 4/4
  1768 | D:2      | Noticed Robin
  1954 | D:2      | Killed Robin
  2080 | D:2      | Noticed Jessica
  2087 | D:2      | Killed Jessica
  2087 | D:2      | Reached XP level 5. HP: 34/35 MP: 5/5
  2706 | D:3      | Reached skill level 7 in Slings
  2825 | D:3      | Noticed a phantom
  2864 | D:3      | Killed a phantom
  2864 | D:3      | Reached XP level 6. HP: 20/41 MP: 6/6
  3506 | D:4      | Noticed Melicamp's ghost (amateur NaTm)
  3642 | D:5      | Entered Level 5 of the Dungeon
  4056 | D:4      | Reached XP level 7. HP: 19/46 MP: 7/7
  4371 | D:4      | Killed Melicamp's ghost
  4371 | D:4      | Reached skill level 8 in Slings
  4462 | D:4      | Found a shimmering altar of Xom.
  4465 | D:4      | Found a hazy altar of Hepliaklqana.
  4468 | D:4      | Noticed a spectral ugly thing
  4566 | D:4      | Found a basalt altar of Yredelemnul.
  4580 | D:4      | Found a staircase to the Ecumenical Temple.
  4613 | Temple   | Entered the Ecumenical Temple
  4698 | Temple   | Became a worshipper of Warmaster Okawaru
  5235 | D:4      | Reached skill level 5 in Dodging
  5235 | D:4      | Reached XP level 8. HP: 39/54 MP: 8/8
  5701 | D:5      | Reached skill level 1 in Invocations
  5701 | D:5      | Reached skill level 1 in Evocations
  5717 | D:5      | Reached skill level 5 in Short Blades
  5859 | D:5      | Found an opulent altar of Gozag.
  5910 | D:5      | Reached * piety under Okawaru
  7219 | D:6      | Reached XP level 9. HP: 58/59 MP: 11/11
  7284 | D:6      | Found a deep blue altar of Sif Muna.
  7920 | D:7      | Reached skill level 5 in Fighting
  7920 | D:7      | Reached skill level 9 in Slings
  8086 | D:7      | Noticed Prince Ribbit
  8099 | D:7      | Noticed a hornet
  8202 | D:7      | Reached ** piety under Okawaru
  8365 | D:7      | Noticed Duvessa
  8366 | D:7      | Noticed Dowan
  8388 | D:7      | Killed Duvessa
  8478 | D:7      | Killed Dowan
  8878 | D:7      | Paralysed by a hornet for 2 turns
  8881 | D:7      | Killed a hornet
  8881 | D:7      | Reached skill level 1 in Armour
  8882 | D:7      | Slain by Prince Ribbit

Skill      XL: |  1  2  3  4  5  6  7  8  9 |
---------------+----------------------------+-----
Short Blades   | 1 2 3 4 5 6 |  6.8
Slings         | 6 7 8 9 |  9.9
Fighting       | 2 3 4 5 |  5.6
Dodging        | 3 4 5 |  5.0
Invocations    | 3 |  3.7
Evocations     | 2 4 |  4.0
Armour         | 1 |  1.5
Stealth        | |  1.1

Action                   |  1- 3 |  4- 6 |  7- 9 || total
-------------------------+-------+-------+-------++-------
Melee: Short sword       |   137 |    61 |       ||   198
       Dagger            |       |   171 |   134 ||   305
       Trident           |       |       |   176 ||   176
 Fire: Hunting sling     |     1 |    29 |   160 ||   190
Invok: Heroism           |       |       |     1 ||     1
  Use: Scroll            |       |     3 |     4 ||     7
       Potion            |       |       |     1 ||     1
 Stab: Sleeping          |     1 |     8 |     5 ||    14
  Eat: Chunk             |     1 |     8 |    10 ||    19
       Meat ration       |       |       |     1 ||     1
       Pizza             |       |       |     1 ||     1
Armor: Leather armour    |    33 |     7 |    69 ||   109
       Robe              |     5 |    23 |       ||    28
Dodge: Dodged            |   130 |   145 |   294 ||   569
